 Dungeon Crawl Stone Soup version 0.32-a0-995-gb4a59205af (webtiles) character file.

Game seed: 15574178906934891358

56 bobo the Trooper (level 3, -4/39 HPs)
             Began as an Oni Gladiator on Apr 23, 2024.
             Was a Believer of Elyvilon.
             Killed from afar by Sigmund (11 damage)
             ... with a puff of flame
             ... on level 3 of the Dungeon.
             The game lasted 00:03:45 (1526 turns).

bobo the Trooper (Oni Gladiator)                    Turns: 1526, Time: 00:03:46

Health: -4/39      AC:  3    Str: 20    XL:     3   Next: 97%
Magic:  2/4        EV:  9    Int:  9    God:    Elyvilon [**....]
Gold:   126        SH:  0    Dex: 16    Spells: 2/2 levels left

rFire   . . .        a - +0 flail
rCold   . . .        (no shield)
rNeg    . . .        b - +0 robe
rPois   .            c - +0 hat
rElec   .            (no cloak)
rCorr   .            (gloves unavailable)
SInv    .            (boots unavailable)
Will    .....        (no amulet)
Stlth   +            r - +6 ring of dexterity
HPRegen 0.26/turn    (no ring)
MPRegen 0.09/turn

%: no passive effects
@: no status effects
A: large, unfitting armour, horns 1, tough skin 1, double potion healing,
drunken brawling
a: Renounce Religion, Purification, Heal Other


You were on level 3 of the Dungeon.
You worshipped Elyvilon.
Elyvilon was pleased with you.
You visited 1 branch of the dungeon, and saw 3 of its levels.

You collected 126 gold pieces.

Inventory:

Hand Weapons
 a - a +0 flail (weapon)
Missiles
 d - 4 throwing nets
 e - a large rock
 g - 3 atropa-tipped darts
 o - 4 poisoned darts (quivered)
Armour
 b - a +0 robe (worn)
 c - a +0 hat (worn)
Jewellery
 r - a +6 ring of dexterity (left hand)
Scrolls
 f - a scroll of enchant weapon {unknown}
 h - a scroll of revelation {unknown}
 j - a scroll of teleportation {unknown}
 p - a scroll of fear {unknown}
 q - 3 scrolls of identify {unknown}
 s - a scroll of poison {unknown}
 t - 2 scrolls of noise {unknown}
Potions
 i - a potion of mutation {unknown}
 k - a potion of lignification {unknown}
 l - a potion of might {unknown}
 m - a potion of haste {unknown}
 n - 2 potions of attraction {unknown}
 u - a potion of berserk rage {unknown}


   Skills:
 + Level 3.6 Fighting
 + Level 3.5 Maces & Flails
 + Level 2.7 Throwing
 - Level 2.6 Dodging
 + Level 1.4 Invocations


You had 2 spell levels left.
You didn't know any spells.
Your spell library was empty.

Dungeon Overview and Level Annotations

Branches:
Dungeon (3/15)

Altars:
Elyvilon

Annotations:
D:3 Sigmund


Innate Abilities, Weirdness & Mutations

You are too large for most types of armour.
You have a pair of small horns on your head.
You have tough skin. (AC +1)
You gain doubled healing and magic from potions.
Whenever you drink a healing potion, you attack all around you.


Message History

Press: ? - help, Q - select action, (/) - cycle Shift-Dir - straight line, f/p - Sigmund
Aim: Sigmund, wielding a +2 scythe of venom and wearing a +0 robe (lightly wounded, poisoned, 55% to hit)
You throw a poisoned dart.
The poisoned dart closely misses Sigmund.
Sigmund barely misses you.
Throw: 5 darts (poison)
Press: ? - help, Q - select action, (/) - cycle Shift-Dir - straight line, f/p - Sigmund
Aim: Sigmund, wielding a +2 scythe of venom and wearing a +0 robe (lightly wounded, poisoned, 55% to hit)
You throw a poisoned dart. The poisoned dart hits Sigmund.
Sigmund looks even sicker.
Sigmund is lightly wounded.
Sigmund breathes a few words.
Sigmund's hands start flickering wildly.
Sigmund barely misses you.
You closely miss Sigmund.
Sigmund is lightly wounded.
Sigmund completely misses you.
You barely miss Sigmund.
Sigmund is lightly wounded.
Sigmund mumbles some strange words.
Sigmund flickers and vanishes!
Deactivating autopickup; reactivate with Ctrl-A.
You hit something. Your headbutt misses something. Something hits you!
You closely miss something. Something hits you but does no damage.
You miss something. You miss something. Something completely misses you.
You hit something. Something hits you.
You are poisoned.
You miss something.
You feel sick. Something hits you!
You are more poisoned.
You closely miss something.
You feel very sick. Something hits you!
* * * LOW HITPOINT WARNING * * *
You feel purified!
You hit something but do no damage. Your headbutt misses something.
You hear some strange, mumbled words.
A puff of flame appears from out of thin air!
The puff of flame hits you!
You die...

...# ......
.....####.....
..#...#......# .
.............#x.
.!..#........#
........#...#
......!.#..# #
#({@...## .
.....(..#...##.# .
..#...#.#....###..
.
.....##...........
#....##
###........#
#..#### #....#####
#.....####...##.##.
#..<.....#....#
#.####...#####.


You could see a small abomination.

Vanquished Creatures
  An adder (D:2)
  2 dart slugs (D:2)
  A ribbon worm (D:2)
  3 endoplasms
  A giant cockroach (D:1)
  5 hobgoblins
  2 jackals (D:2)
  4 kobolds
  A quokka (D:2)
  4 bats (D:1)
  2 frilled lizards
  6 rats
32 creatures vanquished.

Vanquished Creatures (others)
  A frilled lizard (D:2)
1 creature vanquished.

Grand Total: 33 creatures vanquished

Notes
Turn   | Place    | Note
-------+----------+-------------------------------------------
     0 | D:1      | bobo the Oni Gladiator began the quest for the Orb.
     0 | D:1      | Reached XP level 1. HP: 22/22 MP: 1/1
   146 | D:1      | Reached XP level 2. HP: 21/31 MP: 2/2
   331 | D:1      | Found a faded altar of an unknown god.
   337 | D:1      | Prayed at the altar of an unknown god.
   337 | D:1      | Became a worshipper of Elyvilon the Healer
   337 | D:1      | Reached * piety under Elyvilon
   988 | D:2      | Reached XP level 3. HP: 37/37 MP: 3/3
  1058 | D:2      | Reached skill level 1 in Invocations
  1123 | D:2      | Identified the +2 whip of Disorder {heavy, rC++ MP+9 Str+5}
  1204 | D:2      | Reached ** piety under Elyvilon
  1511 | D:3      | Noticed a small abomination
  1511 | D:3      | Noticed Sigmund
  1526 | D:3      | Killed from afar by Sigmund

Illustrated notes

Levels and vault maps discovered:
D:1:      orjb1_clovarrival, layout_loops_ring, basic_ecumenical_altar,
          nicolae_concentric_dashed_squares_mild, minmay_pentomino_r2
D:2:      layout_loops_ring
D:3:      layout_loops_corners, mainiacjoe_overflow_chevrons,
          mainiacjoe_overflow_concentric_impassable, serial_shops, shop,
          gammafunk_ghost_abyssal_escape, nicolae_kite_square_tiling_tiny,
          minmay_misc_feat_plants, minmay_randomly_rotated_circles, uniq_robin,
          uniq_sigmund

Skill      XL: |  1  2  3 |
---------------+----------+-----
Fighting       | 3 |  3.6
Invocations    | 1 |  1.4
Maces & Flails | |  3.5
Throwing       | |  2.7
Dodging        | |  2.6

Action                     || total
---------------------------++-------
  Melee: Flail             ||    78
         Headbutt          ||    10
  Throw: Throwing net      ||     2
         Dart              ||    19
 Invoke: Purification      ||     1
         Heal Other        ||     1
   Stab: Held in net/web   ||     1
         Sleeping          ||     1
 Armour: Robe              ||    70
  Dodge: Dodged            ||    43

Table legend: (Time is in decaauts)
 A = Elapsed time spent in this place.
 B = Non-inter-level travel time spent in this place.
 C = Inter-level travel time spent in this place.
 D = Time resting spent in this place.
 E = Time spent auto-exploring this place.
 F = Levels seen in this place.
 G = Mean time per level.
                   A        B        C        D        E       F      G
               +--------+--------+--------+--------+--------+-----+--------+
         Total |   1540 |   1472 |     68 |      0 |   1200 |   3 |  513.3 |
       Dungeon |   1540 |   1472 |     68 |      0 |   1200 |   3 |  513.3 |
               +--------+--------+--------+--------+--------+-----+--------+

Top non-repeatable levels by time:
     D:2: 751 daAuts
     D:1: 744 daAuts
     D:3: 44 daAuts
